 Dungeon Sprint DCSS version 0.27-a0-819-g058290f16d (webtiles) character file.

Game seed: 10960919576044541302

27 rocky1 the Insei (level 3, 0/43 HPs)
             Began as a Gnoll Transmuter on Mar 30, 2021.
             Was a Believer of Sif Muna.
             Slain by an orc wizard
             ... wielding a +4 dagger
              (3 damage)
             ... in the Dungeon (Sprint VII: "The Pits").
             The game lasted 00:01:34 (101 turns).

rocky1 the Insei (Gnoll Transmuter)                  Turns: 101, Time: 00:01:35

Health: 0/43       AC:  2    Str:  9    XL:     3   Next: 10%
Magic:  7/9        EV: 13    Int: 13    God:    Sif Muna [**....]
Gold:   0          SH:  0    Dex: 12    Spells: 11/12 levels left

rFire    . . .     SeeInvis .   k - +2 falchion
rCold    . . .     Faith    .   (no shield)
rNeg     . . .     Spirit   .   a - +0 robe
rPois    .         Reflect  .   (helmet currently unavailable)
rElec    .         Harm     .   (no cloak)
rCorr    .         Rampage  .   (no gloves)
Will     .....     NoTele   +   (boots currently unavailable)
Stlth    ..........             (no amulet)
HPRegen  0.14/turn              (no ring)
MPRegen  0.11/turn              (no ring)

@: berserking, appendages (expiring), very quick
A: horns 2, talons 2, fangs 1, strong nose, distributed training
a: End Transformation, Renounce Religion, Channel Magic


You were in the Dungeon.
You worshipped Sif Muna.
Sif Muna was pleased with you.
You had temporarily grown beastly horns and talons.
You visited 1 branch

Inventory:

Hand Weapons
 k - a +2 falchion (weapon)
Armour
 a - a +0 robe (worn)
Scrolls
 h - a scroll of blinking
 i - 5 scrolls of amnesia
 j - a scroll of summoning
Potions
 b - 2 potions of invisibility
 c - a potion of curing
 d - a potion of heal wounds
 e - a potion of haste
 f - 4 potions of magic
 g - 2 potions of berserk rage


   Skills:
 + Level 3.1 Fighting
 + Level 1.8 Short Blades
 + Level 1.8 Long Blades
 + Level 1.8 Axes
 + Level 1.8 Maces & Flails
 + Level 1.8 Polearms
 + Level 1.8 Staves
 + Level 1.8 Slings
 + Level 1.8 Bows
 + Level 1.8 Crossbows
 + Level 1.8 Throwing
 + Level 1.8 Armour
 + Level 4.9 Dodging
 + Level 1.8 Stealth
 + Level 1.8 Shields
 + Level 6.8 Unarmed Combat
 + Level 5.3 Spellcasting
 + Level 1.4 Conjurations
 + Level 1.4 Hexes
 + Level 1.4 Summonings
 + Level 1.4 Necromancy
 + Level 1.4 Translocations
 + Level 4.0 Transmutations
 + Level 1.4 Fire Magic
 + Level 1.4 Ice Magic
 + Level 1.4 Air Magic
 + Level 1.4 Earth Magic
 + Level 1.4 Poison Magic
 + Level 2.0 Invocations
 + Level 1.8 Evocations


You had 11 spell levels left.
You knew the following spells:

 Your Spells              Type           Power      Damage    Failure   Level
a - Beastly Appendage     Tmut           28%        N/A       3%          1

Your spell library contained the following spells:

 Spells                   Type           Power      Damage    Failure   Level
 Wereblood                Tmut           14%        N/A       5%          2
 Spider Form              Tmut/Pois      5%         N/A       19%         3
 Ice Form                 Ice/Tmut       10%        N/A       52%         4
 Blade Hands              Tmut           7%         N/A       67%         5


Dungeon Overview and Level Annotations

Branches:
Dungeon (1/1)

Altars:
Ashenzari
Cheibriados
Dithmenos
Elyvilon
Fedhas
Gozag
Hepliaklqana
Kikubaaqudgha
Makhleb
Nemelex Xobeh
Okawaru
Qazlal
Ru
Sif Muna
Trog
Uskayaw
Vehumet
Wu Jian
Xom
Yredelemnul
Zin
The Shining One
Beogh
Jiyva
Lugonu


Innate Abilities, Weirdness & Mutations

You have temporarily grown beastly horns and talons.
You have very sharp teeth.
Your uncanny sense of smell can sniff out nearby items.
Your experience applies equally to all skills.


Message History

The orc wizard is moderately wounded.
The orc wizard points at itself and mumbles some strange words.
The orc wizard flickers and vanishes!
Deactivating autopickup; reactivate with Ctrl-A.
The adder misses you.
You riposte.
You barely miss the adder. You claw the adder.
You bite the adder, but do no damage.
The adder is lightly wounded.
You closely miss something. The adder misses you.
You riposte.
You hit the adder. Your kick misses the adder.
The adder is heavily wounded.
Something barely misses you. The adder bites you.
You are poisoned.
The adder poisons you! Something hits you.
Unknown command.
A red film seems to cover your vision as you go berserk!
You feel yourself moving faster!
You feel mighty!
You feel sick. The adder bites you.
You hear some strange, mumbled words.
Something tries to affect you, but you resist.
Unknown command.
You miss something.
You feel sick. The adder bites you but does no damage.
You hit the adder. You headbutt the adder.
You kill the adder!
Sif Muna accepts your kill.
Your transformation is almost over.
You feel sick. Something hits you.
Your Invocations skill increases to level 2!
You have reached level 3!
Your experience leads to an increase in your attributes!
Increase (S)trength, (I)ntelligence, or (D)exterity?
You feel clever.
Unknown command.
You hit the scorpion.
The scorpion is moderately wounded.
You feel sick.
You are no longer poisoned.
The scorpion stings you!
* * * LOW HITPOINT WARNING * * *
Something hits you.
You die...

_________.#
_______...##########
##########'##........
#.?(.')))'.##......#.
##########.##........
#...........'........
#+#####'#####......#.
#..#..#..##........
#.@{..)..#####'####
##s####+###.......#


ooZ #.......# #.... #.......# #####+ #...<...# ∆∆∆∆∆ #.......# ∆∆∆∆∆ #.......#
#.......# ######### You could see a scorpion, 2 orcs and an adder zombie.

Vanquished Creatures
  A river rat (D)
  An adder (D)
  An orc (D)
  A goblin (D)
  2 jackals (D)
  A ball python (D)
  2 frilled lizards (D)
9 creatures vanquished.

Notes
Turn   | Place    | Note
-------+----------+-------------------------------------------
     0 | D        | rocky1 the Gnoll Transmuter began the quest for the Orb.
     0 | D        | Reached XP level 1. HP: 17/17 MP: 6/6
    44 | D        | Found a bloodstained altar of Trog.
    44 | D        | Found a shimmering blue altar of Sif Muna.
    44 | D        | Found a viscous altar of Jiyva.
    44 | D        | Found a hazy altar of Hepliaklqana.
    44 | D        | Found an opulent altar of Gozag.
    45 | D        | Found a glowing golden altar of the Shining One.
    45 | D        | Found a glowing silver altar of Zin.
    45 | D        | Found a basalt altar of Yredelemnul.
    45 | D        | Found a shimmering altar of Xom.
    45 | D        | Found an ornate altar of the Wu Jian Council.
    45 | D        | Found a sacrificial altar of Ru.
    45 | D        | Found a stormy altar of Qazlal.
    45 | D        | Found an iron altar of Okawaru.
    45 | D        | Found a sparkling altar of Nemelex Xobeh.
    45 | D        | Found a burning altar of Makhleb.
    45 | D        | Found a blossoming altar of Fedhas.
    45 | D        | Found a white marble altar of Elyvilon.
    45 | D        | Found a shadowy altar of Dithmenos.
    45 | D        | Found a snail-covered altar of Cheibriados.
    48 | D        | Found a corrupted altar of Lugonu.
    48 | D        | Found a radiant altar of Vehumet.
    49 | D        | Found an ancient bone altar of Kikubaaqudgha.
    49 | D        | Found a hide-covered altar of Uskayaw.
    49 | D        | Found a broken altar of Ashenzari.
    50 | D        | Became a worshipper of Sif Muna the Loreminder
    81 | D        | Reached * piety under Sif Muna
    82 | D        | Reached skill level 1 in Short Blades
    82 | D        | Reached skill level 1 in Long Blades
    82 | D        | Reached skill level 1 in Axes
    82 | D        | Reached skill level 1 in Maces & Flails
    82 | D        | Reached skill level 1 in Polearms
    82 | D        | Reached skill level 1 in Staves
    82 | D        | Reached skill level 1 in Slings
    82 | D        | Reached skill level 1 in Bows
    82 | D        | Reached skill level 1 in Crossbows
    82 | D        | Reached skill level 1 in Throwing
    82 | D        | Reached skill level 1 in Armour
    82 | D        | Reached skill level 1 in Stealth
    82 | D        | Reached skill level 1 in Shields
    82 | D        | Reached skill level 5 in Spellcasting
    82 | D        | Reached skill level 1 in Invocations
    82 | D        | Reached skill level 1 in Evocations
    88 | D        | Reached skill level 1 in Conjurations
    88 | D        | Reached skill level 1 in Hexes
    88 | D        | Reached skill level 1 in Summonings
    88 | D        | Reached skill level 1 in Necromancy
    88 | D        | Reached skill level 1 in Translocations
    88 | D        | Reached skill level 1 in Fire Magic
    88 | D        | Reached skill level 1 in Ice Magic
    88 | D        | Reached skill level 1 in Air Magic
    88 | D        | Reached skill level 1 in Earth Magic
    88 | D        | Reached skill level 1 in Poison Magic
    88 | D        | Reached XP level 2. HP: 23/23 MP: 6/8
    88 | D        | Reached ** piety under Sif Muna
    93 | D        | Noticed a scorpion
   101 | D        | Reached XP level 3. HP: 13/29 MP: 7/9
   101 | D        | Slain by an orc wizard

Illustrated notes

Levels and vault maps discovered:
D:        pitsprint [storerooms_1, entrance_room_1, metal_vault_1, armoury_2,
          mini_pit_1, grid_room_1, main_hall_1, silver_pit, the_coven_3,
          the_vestibule_1, steel_vault_1, golden_pit, hallway_of_sentries,
          crystal_vault_5, iron_vault_4, final_vault]

Skill      XL: |  1  2 |
---------------+-------+-----
Short Blades   | 1 |  1.8
Long Blades    | 1 |  1.8
Axes           | 1 |  1.8
Maces & Flails | 1 |  1.8
Polearms       | 1 |  1.8
Staves         | 1 |  1.8
Slings         | 1 |  1.8
Bows           | 1 |  1.8
Crossbows      | 1 |  1.8
Throwing       | 1 |  1.8
Armour         | 1 |  1.8
Stealth        | 1 |  1.8
Shields        | 1 |  1.8
Spellcasting   | 5 |  5.3
Invocations    | 1 2 |  2.0
Evocations     | 1 |  1.8
Conjurations   | 1 |  1.4
Hexes          | 1 |  1.4
Summonings     | 1 |  1.4
Necromancy     | 1 |  1.4
Translocations | 1 |  1.4
Fire Magic     | 1 |  1.4
Ice Magic      | 1 |  1.4
Air Magic      | 1 |  1.4
Earth Magic    | 1 |  1.4
Poison Magic   | 1 |  1.4
Fighting       | 3 |  3.1
Transmutations | 4 |  4.0
Dodging        | |  4.9
Unarmed Combat | |  6.8

Action                   || total
-------------------------++-------
Melee: Falchion          ||    15
       Kick              ||     3
       Unarmed           ||     2
       Headbutt          ||     3
       Bite              ||     3
 Cast: Beastly Appendage ||     4
  Use: Potion            ||     1
 Stab: Sleeping          ||     1
Armor: Robe              ||     2
Dodge: Dodged            ||    11
       Rpst.: Falchion   ||     4

Table legend: (Time is in decaauts)
 A = Elapsed time spent in this place.
 B = Non-inter-level travel time spent in this place.
 C = Inter-level travel time spent in this place.
 D = Time resting spent in this place.
 E = Time spent auto-exploring this place.
 F = Levels seen in this place.
 G = Mean time per level.
                   A        B        C        D        E       F      G
               +--------+--------+--------+--------+--------+-----+--------+
         Total |    102 |    102 |      0 |      0 |      0 |   1 |  102.0 |
       Dungeon |    102 |    102 |      0 |      0 |      0 |   1 |  102.0 |
               +--------+--------+--------+--------+--------+-----+--------+

Top non-repeatable levels by time:
       D: 102 daAuts
